Moose vs Barracuda
(R1)
Created - January 13, 2022 at 21:29
Goals
|
| Moose |
1 |
3 |
4 |
0 |
0 |
8 |
| Barracuda |
1 |
1 |
6 |
0 |
1 |
9 |
|
Shots
|
| Moose |
8 |
12 |
13 |
0 |
3 |
33 |
| Barracuda |
14 |
12 |
14 |
0 |
2 |
40 |
|
1st period
1. Moose , Frank Vatrano 11 (Miro Aaltonen 13, Matthew Benning 3) at 8:02
2. Barracuda , Sam Carrick 11 (William Carrier 14, Brandon Kozun 11) at 19:17
Penalties :
Frank Vatrano (Man) for High sticking (Minor) at 11:59
2nd period
3. Moose , Nathan Walker 9 (Erik Cernak 2, Matthew Benning 4) at 1:23
4. Moose , Dominik Kahun 5 (Iiro Pakarinen 6, Ludwig Bystrom 4) at 2:12
5. Moose , Oskar Lindblom 3 (Rem Pitlick 1, Carl Grundstrom 1) at 5:10
6. Barracuda , Emil Pettersson 5 (Justin Shugg 7, Cole Ully 11) at 11:43
Penalties :
No Penalty
3rd period
7. Moose , Miro Aaltonen 7 (Troy Stetcher 14) at 1:55
8. Moose , Dominik Kahun 6 (Iiro Pakarinen 7, Troy Stetcher 15) at 2:03
9. Barracuda , Chris Wagner 6 (Alex Henriksson 2) at 2:56
10. Moose , Frank Vatrano 12 (Miro Aaltonen 14, Nikolay Goldobin 5) at 9:12
11. Barracuda , Jakob Chychrun 1 (Mario Lucia 1, Noah Gregor 2) at 11:56
12. Moose , Miro Aaltonen 8 (Troy Stetcher 16) at 12:06
13. Barracuda , Sam Carrick 12 (William Carrier 15, Brandon Kozun 12) at 13:57 (PP)
14. Barracuda , Samuel Groulx 3 (Brandon Kozun 13, Sam Carrick 20) at 15:28 (PP)
15. Barracuda , Brandon Kozun 5 (William Carrier 16, Sam Carrick 21) at 15:40 (PP)
16. Barracuda , Arturs Kulda 4 (Cole Ully 12, Jakob Chychrun 2) at 18:19
Penalties :
Iiro Pakarinen (Man) for Roughing (Minor) at 4:42, Sam Carrick (S.J) for Holding (Minor) at 9:29, Matthew Benning (Man) for Slashing (Minor) at 13:41, Frank Vatrano (Man) for Roughing (Minor) at 15:22, Pierre-Luc Dubois (Man) for Cross-checking (Minor) at 15:37, Oskar Lindblom (Man) for Slashing (Minor) at 19:08
Overtime #1
No Goal
Penalties :
No Penalty
Shootout
Moose, Nikolay Goldobin - Stopped by Kevin Lankinen
Barracuda, Sam Carrick - Stopped by Magnus Hellberg
Moose, Miro Aaltonen - Shot Misses the Net
Barracuda, Brandon Kozun - Goal!
Moose, Michael McLeod - Shot Misses the Net
Penalties :
No Penalty
Goalie Stats
Magnus Hellberg (Man), 32 saves from 40 shots - (0.800), OTL, 1-2-2, 65:00 minutes
Joacim Eriksson (S.J), 12 saves from 16 shots - (0.750), 25:10 minutes
Kevin Lankinen (S.J), 13 saves from 17 shots - (0.765), W, 1-0-0, 39:50 minutes
Players Stats for Moose
Player Name G A P +/- PIM S H SB GA TA FO MP PP MP PK MP
------------------------------------------------------------------------------------
Carl Grundstrom 0 1 1 1 0 0 0 0 0 1 0/0 8:48 0:00 0:00
Dominik Kahun 2 0 2 1 0 6 1 1 0 0 18/30 23:03 0:53 1:26
Erik Cernak 0 1 1 3 0 1 2 5 0 0 0/0 26:41 1:00 4:46
Frank Vatrano 2 0 2 3 4 2 3 1 2 0 0/2 20:16 0:59 2:51
Iiro Pakarinen 0 2 2 1 2 2 2 1 2 0 2/4 21:45 0:53 0:49
Jeremy Bracco 0 0 0 -2 0 2 1 0 0 0 0/0 11:14 0:07 0:00
Ludwig Bystrom 0 1 1 -3 0 0 3 2 1 0 0/0 21:33 1:00 2:28
Matthew Benning 0 2 2 2 2 0 3 0 0 1 0/0 20:31 0:00 0:08
Michael McLeod 0 0 0 -2 0 0 0 0 0 0 4/9 10:44 0:00 0:00
Mirco Mueller 0 0 0 0 0 0 0 1 0 0 0/0 1:36 0:00 0:00
Miro Aaltonen 2 2 4 3 0 4 4 0 1 0 9/19 18:02 0:59 0:42
Nathan Walker 1 0 1 1 0 7 1 2 1 0 1/2 22:30 0:59 1:51
Nikolay Goldobin 0 1 1 3 0 1 0 0 0 3 2/9 20:16 0:53 3:27
Oskar Lindblom 1 0 1 1 2 2 0 0 0 0 0/0 9:41 0:07 0:30
Pierre-Luc Dubois 0 0 0 -2 2 1 0 0 0 0 0/0 11:56 0:07 0:00
Rem Pitlick 0 1 1 1 0 0 3 0 1 0 1/3 8:48 0:00 0:00
Troy Stetcher 0 3 3 3 0 3 1 0 3 2 0/0 30:31 0:59 3:54
Vladislav Gavrikov 0 0 0 1 0 2 2 4 0 1 0/0 25:37 0:59 1:28
Players Stats for Barracuda
Player Name G A P +/- PIM S H SB GA TA FO MP PP MP PK MP
------------------------------------------------------------------------------------
Alex Henriksson 0 1 1 0 0 1 0 0 0 0 1/1 13:48 0:01 0:45
Arturs Kulda 1 0 1 -3 0 5 2 2 1 2 0/0 31:59 3:24 1:17
Brandon Kozun 1 3 4 -3 0 8 2 0 1 1 1/1 21:46 3:05 0:00
Chris Wagner 1 0 1 0 0 5 4 0 0 0 0/1 13:13 0:01 0:00
Cole Ully 0 2 2 -1 0 3 2 0 0 0 0/1 17:38 2:09 0:21
David Shields 0 0 0 0 0 1 2 1 0 1 0/0 19:51 1:50 0:42
Drew O'Connor 0 0 0 1 0 0 1 0 0 0 0/0 8:04 0:00 0:00
Emil Pettersson 1 0 1 -1 0 3 0 0 0 0 12/18 18:18 2:09 1:01
Jakob Chychrun 1 1 2 0 0 2 0 1 0 0 0/0 13:10 0:00 0:00
Justin Shugg 0 1 1 -1 0 0 6 2 0 1 0/1 17:56 2:09 0:41
Luca Sbisa 0 0 0 -3 0 1 1 1 1 0 0/0 31:59 3:24 1:17
Mario Lucia 0 1 1 1 0 1 1 0 1 1 0/0 8:04 0:00 0:00
Noah Gregor 0 1 1 1 0 0 1 0 0 1 1/2 8:04 0:00 0:00
Robin Norell 0 0 0 0 0 1 0 1 0 1 0/0 13:10 0:00 0:00
Sam Carrick 2 2 4 -3 2 5 1 0 2 1 20/40 23:31 3:04 0:00
Samuel Groulx 1 0 1 0 0 2 1 0 0 0 0/0 19:51 1:50 0:42
Theodor Blueger 0 0 0 0 0 2 1 0 1 0 5/11 13:14 0:00 0:17
William Carrier 0 3 3 -3 0 0 2 0 1 2 1/2 24:24 3:04 0:53
3 Stars
1 - Miro Aaltonen (Man)
2 - Dominik Kahun (Man)
3 - Troy Stetcher (Man)
Power Play
Moose - 0 on 1 Attempt(s) - 0.00%
Barracuda - 3 on 6 Attempt(s) - 50.00%
Penalty Kill
Moose - 3 on 6 Attempt(s) - 50.00%
- Score 0 goal in Penalty Kill
Barracuda - 1 on 1 Attempt(s) - 100.00%
- Score 0 goal in Penalty Kill
Team Stat
Moose - Hits : 26 - Faceoff Wins : 37 - Blocked Shots : 17 - Penalty Minutes : 12
Barracuda - Hits : 27 - Faceoff Wins : 41 - Blocked Shots : 8 - Penalty Minutes : 2
Official
Referees : Gord Dwyer and Kevin Pollock
Linesman : Vaughan Rody and Scott Cherrey
Game Notes
Mirco Mueller is injured at 4:53 of 1st period (Strained Back)
Kevin Lankinen enters game at 5:10 of 2nd period
Finance
Level 1 -- Attendance: 1740 (87.00%) -- Ticket Income $60,900
Level 2 -- Attendance: 1000 (100.00%) -- Ticket Income $15,000
Total Attendance: 2740 (91.33%)
Total Ticket Income: $75,900
Other Income: $3,795
Total Income: $79,695
Moose
5 vs 5 Forward
Center Left Wing Right Wing Time % Phy DF OF
1 Dominik Kahun Nathan Walker Iiro Pakarinen 35 1 1 3
2 Miro Aaltonen Nikolay Goldobin Frank Vatrano 30 1 1 3
3 Michael McLeod Pierre-Luc Dubois Jeremy Bracco 20 1 2 2
4 Rem Pitlick Oskar Lindblom Carl Grundstrom 15 1 2 2
5 vs 5 Defense
Defense Defense Time % Phy DF OF
1 Troy Stetcher Vladislav Gavrikov 40 1 2 2
2 Ludwig Bystrom Mirco Mueller 35 1 2 2
3 Erik Cernak Matthew Benning 25 1 2 2
4 Erik Cernak Troy Stetcher 0 1 2 2
PowerPlay Forward
Center Left Wing Right Wing Time % Phy DF OF
1 Miro Aaltonen Nathan Walker Frank Vatrano 60 0 0 5
2 Dominik Kahun Nikolay Goldobin Iiro Pakarinen 40 0 0 5
PowerPlay Defense
Defense Defense Time % Phy DF OF
1 Vladislav Gavrikov Troy Stetcher 60 0 1 4
2 Ludwig Bystrom Mirco Mueller 40 0 1 4
Penalty Kill 4 Players Forward
Center Wing Time % Phy DF OF
1 Nikolay Goldobin Frank Vatrano 60 0 4 1
2 Miro Aaltonen Nathan Walker 40 0 4 1
Penalty Kill 4 Players Defense
Defense Defense Time % Phy DF OF
1 Erik Cernak Troy Stetcher 60 0 5 0
2 Ludwig Bystrom Vladislav Gavrikov 40 0 5 0
Penalty Kill - 3 Players Forward
Forward Time % Phy DF OF
1 Frank Vatrano 60 0 4 1
2 Nikolay Goldobin 40 0 4 1
Penalty Kill - 3 Players Defense
Defense Defense Time % Phy DF OF
1 Ludwig Bystrom Mirco Mueller 60 0 5 0
2 Erik Cernak Vladislav Gavrikov 40 0 5 0
4 vs 4 Forward
Center Wing Time % Phy DF OF
1 Dominik Kahun Iiro Pakarinen 60 1 2 2
2 Miro Aaltonen Nathan Walker 40 1 2 2
4 vs 4 Defense
Defense Defense Time % Phy DF OF
1 Erik Cernak Troy Stetcher 60 1 2 2
2 Ludwig Bystrom Matthew Benning 40 1 2 2
Last Minutes Offensive
Center Left Wing Right Wing Defense Defense
Miro Aaltonen Nikolay Goldobin Iiro Pakarinen Ludwig Bystrom Troy Stetcher
Last Minutes Defensive
Center Left Wing Right Wing Defense Defense
Miro Aaltonen Nathan Walker Frank Vatrano Ludwig Bystrom Mirco Mueller
Goaltenders
Starting : Magnus Hellberg
Backup : Filip Gustavsson
Extra Forwards
Normal : Nathan Walker, Pierre-Luc Dubois, Frank Vatrano - PP : Nathan Walker, Pierre-Luc Dubois - PK : Iiro Pakarinen
Extra Defensemen
Normal : Erik Cernak, Troy Stetcher, Matthew Benning - PP : Ludwig Bystrom - PK : Erik Cernak, Ludwig Bystrom
Penalty Shots
Nikolay Goldobin, Miro Aaltonen, Michael McLeod, Nathan Walker, Rem Pitlick
Scratches
Andrew Mangiapane (Healthy), Chase De Leo (Healthy), David Kase (Healthy), Jesse Graham (Healthy), Mitchell Stephens (Healthy)
Sami Niku (Healthy), Julien Gauthier (Healthy), Trevor Moore (Healthy), Josh Mahura (Healthy), Max Jones (Healthy)
Nathan Bastian (Healthy), Tim Gettinger (Healthy), Joey Daccord (Healthy), Emil Larmi (Healthy)
Barracuda
5 vs 5 Forward
Center Left Wing Right Wing Time % Phy DF OF
1 Sam Carrick William Carrier Brandon Kozun 40 1 2 2
2 Emil Pettersson Cole Ully Justin Shugg 30 1 2 2
3 Theodor Blueger Alex Henriksson Chris Wagner 20 1 2 2
4 Noah Gregor Drew O'Connor Mario Lucia 10 1 2 2
5 vs 5 Defense
Defense Defense Time % Phy DF OF
1 Arturs Kulda Luca Sbisa 40 1 2 2
2 Samuel Groulx David Shields 30 1 2 2
3 Robin Norell Jakob Chychrun 20 1 3 1
4 Arturs Kulda Luca Sbisa 10 1 2 2
PowerPlay Forward
Center Left Wing Right Wing Time % Phy DF OF
1 Sam Carrick William Carrier Brandon Kozun 60 1 1 3
2 Emil Pettersson Cole Ully Justin Shugg 40 1 1 3
PowerPlay Defense
Defense Defense Time % Phy DF OF
1 Arturs Kulda Luca Sbisa 60 1 2 2
2 Samuel Groulx David Shields 40 1 2 2
Penalty Kill 4 Players Forward
Center Wing Time % Phy DF OF
1 Sam Carrick William Carrier 60 1 4 0
2 Emil Pettersson Cole Ully 40 1 4 0
Penalty Kill 4 Players Defense
Defense Defense Time % Phy DF OF
1 Arturs Kulda Luca Sbisa 60 1 4 0
2 Samuel Groulx David Shields 40 1 4 0
Penalty Kill - 3 Players Forward
Forward Time % Phy DF OF
1 Sam Carrick 60 1 4 0
2 Emil Pettersson 40 1 4 0
Penalty Kill - 3 Players Defense
Defense Defense Time % Phy DF OF
1 Arturs Kulda Luca Sbisa 60 1 4 0
2 Samuel Groulx David Shields 40 1 4 0
4 vs 4 Forward
Center Wing Time % Phy DF OF
1 Sam Carrick William Carrier 60 1 2 2
2 Emil Pettersson Cole Ully 40 1 2 2
4 vs 4 Defense
Defense Defense Time % Phy DF OF
1 Arturs Kulda Luca Sbisa 60 1 2 2
2 Samuel Groulx David Shields 40 1 2 2
Last Minutes Offensive
Center Left Wing Right Wing Defense Defense
Sam Carrick William Carrier Brandon Kozun Arturs Kulda Luca Sbisa
Last Minutes Defensive
Center Left Wing Right Wing Defense Defense
Sam Carrick William Carrier Brandon Kozun Arturs Kulda Luca Sbisa
Goaltenders
Starting : Joacim Eriksson
Backup : Kevin Lankinen
Extra Forwards
Normal : Justin Shugg, Chris Wagner, Theodor Blueger - PP : Justin Shugg, Chris Wagner - PK : Justin Shugg
Extra Defensemen
Normal : David Shields, Robin Norell, Jakob Chychrun - PP : David Shields - PK : David Shields, Robin Norell
Penalty Shots
Sam Carrick, Brandon Kozun, William Carrier, Emil Pettersson, Justin Shugg
Scratches
Alex Lintuniemi (Healthy), Jerome Gauthier-Leduc (Healthy), Thomas Gobeil (Healthy), Tanner Jeannot (Healthy), Dennis Cholowski (Healthy)
Michael Pezzetta (Healthy), Oscar Dansk (Healthy)
% Time on Ice - Moose
Lines # - Real PCT - Wanted PCT - Time Play
Normal Forward
1 - 35% - 35% - 18:21
2 - 28% - 30% - 14:54
3 - 20% - 20% - 10:44
4 - 17% - 15% - 8:48
Normal Defense
1 - 39% - 40% - 20:39
2 - 37% - 35% - 19:45
3 - 22% - 25% - 11:44
4 - 1% - 0% - 0:39
PP Forward
1 - 55% - 60% - 1:06
2 - 45% - 40% - 0:53
PP Defense
1 - 50% - 60% - 0:59
2 - 50% - 40% - 1:00
PK Forward
1 - 93% - 60% - 4:52
2 - 7% - 40% - 0:22
PK Defense
1 - 72% - 60% - 3:46
2 - 28% - 40% - 1:28
PK3 Forward
1 - 69% - 60% - 0:47
2 - 31% - 40% - 0:21
PK3 Defense
1 - 100% - 60% - 1:08
2 - 0% - 40% - 0:00
44 Forward
1 - 92% - 60% - 3:33
2 - 8% - 40% - 0:19
44 Defense
1 - 72% - 60% - 2:47
2 - 28% - 40% - 1:05
Last Minute Offensive - 0:00
Last Minute Defensive - 0:00
Total
Forward - 65:00
Defense - 65:00
|
% Time on Ice - Barracuda
Lines # - Real PCT - Wanted PCT - Time Play
Normal Forward
1 - 36% - 40% - 18:54
2 - 26% - 30% - 13:50
3 - 23% - 20% - 11:59
4 - 15% - 10% - 8:04
Normal Defense
1 - 41% - 40% - 21:30
2 - 30% - 30% - 15:35
3 - 23% - 20% - 11:58
4 - 7% - 10% - 3:44
PP Forward
1 - 59% - 60% - 3:05
2 - 41% - 40% - 2:09
PP Defense
1 - 65% - 60% - 3:24
2 - 35% - 40% - 1:50
PK Forward
1 - 100% - 60% - 1:59
2 - 0% - 40% - 0:00
PK Defense
1 - 65% - 60% - 1:17
2 - 35% - 40% - 0:42
PK3 Forward
1 - 0% - 60%
2 - 0% - 40%
PK3 Defense
1 - 0% - 60%
2 - 0% - 40%
44 Forward
1 - 74% - 60% - 3:42
2 - 26% - 40% - 1:18
44 Defense
1 - 65% - 60% - 3:16
2 - 35% - 40% - 1:44
Last Minute Offensive - 0:00
Last Minute Defensive - 0:00
Total
Forward - 65:00
Defense - 65:00
|
Play-by-Play
1st period
0:01 of 1st period - Sam Carrick wins face-off versus Dominik Kahun in neutral zone.
0:27 of 1st period - Arturs Kulda is hit by Vladislav Gavrikov and loses puck.
0:34 of 1st period - Snap shot by Nikolay Goldobin.
0:34 of 1st period - Deflect By Miro Aaltonen.
0:34 of 1st period - Shot Misses the Net.
0:34 of 1st period - Puck is out of play.
0:35 of 1st period - Michael McLeod wins face-off versus Theodor Blueger in Barracuda zone.
0:40 of 1st period - Snap shot by Jeremy Bracco.
0:40 of 1st period - Stopped by Joacim Eriksson with a rebound.
1:05 of 1st period - Icing by Oskar Lindblom.
1:06 of 1st period - Emil Pettersson wins face-off versus Rem Pitlick in Moose zone.
1:09 of 1st period - Wrist shot by Emil Pettersson.
1:09 of 1st period - Stopped by Magnus Hellberg without a rebound.
1:10 of 1st period - Emil Pettersson wins face-off versus Miro Aaltonen in Moose zone.
1:13 of 1st period - Slapshot by Jakob Chychrun.
1:13 of 1st period - Shot Misses the Net.
1:15 of 1st period - Wrist shot by Justin Shugg.
1:15 of 1st period - Shot Misses the Net.
2:06 of 1st period - Slapshot by Mario Lucia.
2:06 of 1st period - Shot Blocked by Vladislav Gavrikov.
2:17 of 1st period - Off-side.
2:18 of 1st period - Rem Pitlick wins face-off versus Emil Pettersson in neutral zone.
2:26 of 1st period - Off-side.
2:27 of 1st period - Miro Aaltonen wins face-off versus Sam Carrick in neutral zone.
2:31 of 1st period - Icing by Samuel Groulx.
2:32 of 1st period - Miro Aaltonen wins face-off versus Sam Carrick in Barracuda zone.
3:00 of 1st period - Off-side.
3:01 of 1st period - Theodor Blueger wins face-off versus Dominik Kahun in neutral zone.
3:53 of 1st period - Emil Pettersson is hit by Frank Vatrano and loses puck.
4:35 of 1st period - Snap shot by Alex Henriksson.
4:35 of 1st period - Shot Misses the Net.
4:37 of 1st period - Slapshot by Arturs Kulda.
4:37 of 1st period - Stopped by Magnus Hellberg without a rebound.
4:38 of 1st period - Sam Carrick wins face-off versus Miro Aaltonen in Moose zone.
4:47 of 1st period - Snap shot by Sam Carrick.
4:47 of 1st period - Shot Misses the Net.
4:53 of 1st period - Snap shot by Sam Carrick.
4:53 of 1st period - Shot Blocked by Mirco Mueller.
4:53 of 1st period - Mirco Mueller from Moose is injured at 4:53 of 1st period (Strained Back).
4:54 of 1st period - Emil Pettersson wins face-off versus Dominik Kahun in Moose zone.
4:55 of 1st period - Slapshot by Cole Ully.
4:55 of 1st period - Shot Blocked by Ludwig Bystrom.
4:57 of 1st period - Snap shot by Emil Pettersson.
4:57 of 1st period - Shot Misses the Net.
4:59 of 1st period - Slapshot by Arturs Kulda.
4:59 of 1st period - Stopped by Magnus Hellberg without a rebound.
5:00 of 1st period - Emil Pettersson wins face-off versus Dominik Kahun in Moose zone.
5:28 of 1st period - Slapshot by Luca Sbisa.
5:28 of 1st period - Shot Blocked by Ludwig Bystrom.
5:30 of 1st period - Slapshot by Luca Sbisa.
5:30 of 1st period - Stopped by Magnus Hellberg without a rebound.
5:31 of 1st period - Nikolay Goldobin wins face-off versus Theodor Blueger in Moose zone.
6:02 of 1st period - Snap shot by Brandon Kozun.
6:02 of 1st period - Stopped by Magnus Hellberg without a rebound.
6:03 of 1st period - Dominik Kahun wins face-off versus Sam Carrick in Moose zone.
6:16 of 1st period - Brandon Kozun is hit by Erik Cernak and loses puck.
6:29 of 1st period - Jakob Chychrun is hit by Erik Cernak and loses puck.
6:56 of 1st period - Robin Norell is hit by Troy Stetcher and loses puck.
7:07 of 1st period - Wrist shot by Mario Lucia.
7:07 of 1st period - Shot Misses the Net.
7:11 of 1st period - Snap shot by Theodor Blueger.
7:11 of 1st period - Stopped by Magnus Hellberg without a rebound.
7:12 of 1st period - Dominik Kahun wins face-off versus Theodor Blueger in Moose zone.
7:12 of 1st period - Dominik Kahun is hit by Chris Wagner.
8:00 of 1st period - Wrist shot by Frank Vatrano.
8:00 of 1st period - Shot Blocked by Justin Shugg.
8:02 of 1st period - Snap shot by Frank Vatrano.
8:02 of 1st period - Goal by Frank Vatrano - Moose : 1 - Barracuda : 0.
8:03 of 1st period - William Carrier wins face-off versus Dominik Kahun in neutral zone.
8:05 of 1st period - Off-side.
8:06 of 1st period - Dominik Kahun wins face-off versus Sam Carrick in neutral zone.
8:15 of 1st period - Troy Stetcher is hit by Sam Carrick and loses puck.
9:16 of 1st period - Slapshot by Iiro Pakarinen.
9:16 of 1st period - Stopped by Joacim Eriksson with a rebound.
9:18 of 1st period - Slapshot by Vladislav Gavrikov.
9:18 of 1st period - Shot Blocked by Arturs Kulda.
9:46 of 1st period - Snap shot by Iiro Pakarinen.
9:46 of 1st period - Stopped by Joacim Eriksson with a rebound.
9:58 of 1st period - Snap shot by Nathan Walker.
9:58 of 1st period - Shot Misses the Net.
10:00 of 1st period - Slapshot by Vladislav Gavrikov.
10:00 of 1st period - Shot Misses the Net.
10:02 of 1st period - Slapshot by Troy Stetcher.
10:02 of 1st period - Stopped by Joacim Eriksson without a rebound.
10:03 of 1st period - Miro Aaltonen wins face-off versus Emil Pettersson in Barracuda zone.
10:28 of 1st period - Alex Henriksson is hit by Ludwig Bystrom and loses puck.
10:41 of 1st period - Wrist shot by Oskar Lindblom.
10:41 of 1st period - Stopped by Joacim Eriksson without a rebound.
10:42 of 1st period - Emil Pettersson wins face-off versus Michael McLeod in Barracuda zone.
11:17 of 1st period - Wrist shot by Nikolay Goldobin.
11:17 of 1st period - Stopped by Joacim Eriksson with a rebound.
11:31 of 1st period - Snap shot by Chris Wagner.
11:31 of 1st period - Stopped by Magnus Hellberg with a rebound.
11:37 of 1st period - Wrist shot by Chris Wagner.
11:37 of 1st period - Stopped by Magnus Hellberg without a rebound.
11:38 of 1st period - Miro Aaltonen wins face-off versus Emil Pettersson in Moose zone.
11:59 of 1st period - Minor Penalty to Frank Vatrano for High sticking.
12:00 of 1st period - Emil Pettersson wins face-off versus Nikolay Goldobin in Moose zone.
12:15 of 1st period - Nikolay Goldobin is hit by Justin Shugg and loses puck.
13:59 of 1st period - Penalty to Frank Vatrano is over, Frank Vatrano is back on ice.
14:34 of 1st period - Miro Aaltonen is hit by Theodor Blueger and loses puck.
14:39 of 1st period - Slapshot by Theodor Blueger.
14:39 of 1st period - Stopped by Magnus Hellberg without a rebound.
14:40 of 1st period - Michael McLeod wins face-off versus Noah Gregor in Moose zone.
14:50 of 1st period - Wrist shot by Mario Lucia.
14:50 of 1st period - Stopped by Magnus Hellberg with a rebound.
14:56 of 1st period - Luca Sbisa is hit by Jeremy Bracco and loses puck.
15:09 of 1st period - Snap shot by Chris Wagner.
15:09 of 1st period - Shot Blocked by Erik Cernak.
15:11 of 1st period - Snap shot by Alex Henriksson.
15:11 of 1st period - Shot Misses the Net.
15:29 of 1st period - Slapshot by Emil Pettersson.
15:29 of 1st period - Shot Blocked by Erik Cernak.
15:49 of 1st period - Ludwig Bystrom is hit by William Carrier and loses puck.
16:33 of 1st period - Alex Henriksson is hit by Ludwig Bystrom and loses puck.
16:51 of 1st period - Arturs Kulda is hit by Miro Aaltonen and loses puck.
17:53 of 1st period - Samuel Groulx is hit by Vladislav Gavrikov and loses puck.
18:08 of 1st period - Robin Norell is hit by Frank Vatrano and loses puck.
18:13 of 1st period - Snap shot by Miro Aaltonen.
18:13 of 1st period - Shot Misses the Net.
18:15 of 1st period - Backhand shot by Vladislav Gavrikov.
18:15 of 1st period - Stopped by Joacim Eriksson with a rebound.
18:17 of 1st period - Slapshot by Ludwig Bystrom.
18:17 of 1st period - Shot Misses the Net.
18:19 of 1st period - Slapshot by Ludwig Bystrom.
18:19 of 1st period - Shot Blocked by Justin Shugg.
18:30 of 1st period - Icing by Ludwig Bystrom.
18:31 of 1st period - Dominik Kahun wins face-off versus Sam Carrick in Moose zone.
18:36 of 1st period - Brandon Kozun is hit by Nathan Walker and loses puck.
18:57 of 1st period - Snap shot by Brandon Kozun.
18:57 of 1st period - Stopped by Magnus Hellberg with a rebound.
18:59 of 1st period - Slapshot by Brandon Kozun.
18:59 of 1st period - Shot Blocked by Vladislav Gavrikov.
19:11 of 1st period - Snap shot by Brandon Kozun.
19:11 of 1st period - Stopped by Magnus Hellberg with a rebound.
19:13 of 1st period - Wrist shot by William Carrier.
19:13 of 1st period - Shot Misses the Net.
19:15 of 1st period - Snap shot by Sam Carrick.
19:15 of 1st period - Shot Blocked by Vladislav Gavrikov.
19:17 of 1st period - Wrist shot by Sam Carrick.
19:17 of 1st period - Goal by Sam Carrick - Moose : 1 - Barracuda : 1.
19:18 of 1st period - Emil Pettersson wins face-off versus Frank Vatrano in neutral zone.
19:23 of 1st period - Nikolay Goldobin is hit by Justin Shugg and loses puck.
19:44 of 1st period - Slapshot by Samuel Groulx.
19:44 of 1st period - Deflect By Miro Aaltonen.
19:44 of 1st period - Stopped by Magnus Hellberg with a rebound.
Goals for this period are 1 for Moose vs 1 for Barracuda.
Shots for this period are 8 for Moose vs 14 for Barracuda.
2nd period
0:01 of 2nd period - Dominik Kahun wins face-off versus Sam Carrick in neutral zone.
0:45 of 2nd period - Snap shot by Jeremy Bracco.
0:45 of 2nd period - Shot Misses the Net.
0:47 of 2nd period - Slapshot by Vladislav Gavrikov.
0:47 of 2nd period - Stopped by Joacim Eriksson without a rebound.
0:48 of 2nd period - Miro Aaltonen wins face-off versus Theodor Blueger in Barracuda zone.
1:01 of 2nd period - Wrist shot by Miro Aaltonen.
1:01 of 2nd period - Shot Misses the Net.
1:03 of 2nd period - Wrist shot by Frank Vatrano.
1:03 of 2nd period - Deflect By Miro Aaltonen.
1:03 of 2nd period - Shot Blocked by Luca Sbisa.
1:03 of 2nd period - Puck is out of play.
1:04 of 2nd period - Iiro Pakarinen wins face-off versus Sam Carrick in Barracuda zone.
1:07 of 2nd period - Snap shot by Iiro Pakarinen.
1:07 of 2nd period - Deflect By Nathan Walker.
1:07 of 2nd period - Stopped by Joacim Eriksson with a rebound.
1:11 of 2nd period - Snap shot by Nathan Walker.
1:11 of 2nd period - Stopped by Joacim Eriksson without a rebound.
1:12 of 2nd period - Dominik Kahun wins face-off versus Sam Carrick in Barracuda zone.
1:17 of 2nd period - Snap shot by Nathan Walker.
1:17 of 2nd period - Stopped by Joacim Eriksson with a rebound.
1:19 of 2nd period - Slapshot by Matthew Benning.
1:19 of 2nd period - Shot Blocked by Arturs Kulda.
1:21 of 2nd period - Slapshot by Erik Cernak.
1:21 of 2nd period - Stopped by Joacim Eriksson with a rebound.
1:23 of 2nd period - Snap shot by Nathan Walker.
1:23 of 2nd period - Goal by Nathan Walker - Moose : 2 - Barracuda : 1.
1:24 of 2nd period - Emil Pettersson wins face-off versus Miro Aaltonen in neutral zone.
1:58 of 2nd period - Slapshot by Sam Carrick.
1:58 of 2nd period - Shot Misses the Net.
2:00 of 2nd period - Snap shot by Sam Carrick.
2:00 of 2nd period - Stopped by Magnus Hellberg without a rebound.
2:01 of 2nd period - Emil Pettersson wins face-off versus Iiro Pakarinen in Moose zone.
2:02 of 2nd period - Slapshot by Samuel Groulx.
2:02 of 2nd period - Shot Blocked by Nathan Walker.
2:12 of 2nd period - Snap shot by Dominik Kahun.
2:12 of 2nd period - Goal by Dominik Kahun - Moose : 3 - Barracuda : 1.
2:13 of 2nd period - Dominik Kahun wins face-off versus Sam Carrick in neutral zone.
2:16 of 2nd period - Slapshot by Troy Stetcher.
2:16 of 2nd period - Shot Blocked by David Shields.
2:41 of 2nd period - Off-side.
2:42 of 2nd period - Miro Aaltonen wins face-off versus Emil Pettersson in neutral zone.
3:01 of 2nd period - Matthew Benning is hit by Justin Shugg and loses puck.
3:07 of 2nd period - Icing by Matthew Benning.
3:08 of 2nd period - Sam Carrick wins face-off versus Miro Aaltonen in Moose zone.
3:33 of 2nd period - Erik Cernak is hit by Samuel Groulx and loses puck.
4:24 of 2nd period - Wrist shot by Arturs Kulda.
4:24 of 2nd period - Stopped by Magnus Hellberg with a rebound.
4:26 of 2nd period - Slapshot by Cole Ully.
4:26 of 2nd period - Stopped by Magnus Hellberg with a rebound.
4:38 of 2nd period - Wrist shot by Sam Carrick.
4:38 of 2nd period - Shot Misses the Net.
5:10 of 2nd period - Snap shot by Oskar Lindblom.
5:10 of 2nd period - Goal by Oskar Lindblom - Moose : 4 - Barracuda : 1.
5:10 of 2nd period - Kevin Lankinen enters game.
5:11 of 2nd period - Nathan Walker wins face-off versus Sam Carrick in neutral zone.
5:47 of 2nd period - Snap shot by Miro Aaltonen.
5:47 of 2nd period - Stopped by Kevin Lankinen without a rebound.
5:48 of 2nd period - Dominik Kahun wins face-off versus Sam Carrick in Barracuda zone.
5:53 of 2nd period - Snap shot by Nathan Walker.
5:53 of 2nd period - Stopped by Kevin Lankinen with a rebound.
5:55 of 2nd period - Slapshot by Troy Stetcher.
5:55 of 2nd period - Stopped by Kevin Lankinen with a rebound.
6:18 of 2nd period - Michael McLeod is hit by Arturs Kulda and loses puck.
6:38 of 2nd period - Icing by Frank Vatrano.
6:39 of 2nd period - Theodor Blueger wins face-off versus Miro Aaltonen in Moose zone.
6:50 of 2nd period - Icing by Alex Henriksson.
6:51 of 2nd period - Theodor Blueger wins face-off versus Dominik Kahun in Barracuda zone.
6:56 of 2nd period - Iiro Pakarinen is hit by Luca Sbisa and loses puck.
7:53 of 2nd period - Wrist shot by Chris Wagner.
7:53 of 2nd period - Stopped by Magnus Hellberg with a rebound.
7:55 of 2nd period - Wrist shot by Chris Wagner.
7:55 of 2nd period - Stopped by Magnus Hellberg with a rebound.
8:23 of 2nd period - Snap shot by Theodor Blueger.
8:23 of 2nd period - Shot Misses the Net.
8:25 of 2nd period - Slapshot by Arturs Kulda.
8:25 of 2nd period - Stopped by Magnus Hellberg without a rebound.
8:26 of 2nd period - Sam Carrick wins face-off versus Nathan Walker in Moose zone.
8:51 of 2nd period - Ludwig Bystrom is hit by Cole Ully and loses puck.
8:58 of 2nd period - Wrist shot by Cole Ully.
8:58 of 2nd period - Shot Hit the Post.
9:00 of 2nd period - Wrist shot by Cole Ully.
9:00 of 2nd period - Stopped by Magnus Hellberg with a rebound.
9:02 of 2nd period - Slapshot by Robin Norell.
9:02 of 2nd period - Stopped by Magnus Hellberg without a rebound.
9:03 of 2nd period - Brandon Kozun wins face-off versus Dominik Kahun in Moose zone.
9:14 of 2nd period - Jakob Chychrun is hit by Dominik Kahun and loses puck.
9:19 of 2nd period - Snap shot by Nathan Walker.
9:19 of 2nd period - Shot Blocked by Jakob Chychrun.
9:35 of 2nd period - Justin Shugg is hit by Matthew Benning and loses puck.
9:56 of 2nd period - Rem Pitlick is hit by Drew O'Connor and loses puck.
10:40 of 2nd period - Robin Norell is hit by Miro Aaltonen.
10:50 of 2nd period - Off-side.
10:51 of 2nd period - Dominik Kahun wins face-off versus Sam Carrick in neutral zone.
10:58 of 2nd period - David Shields is hit by Iiro Pakarinen and loses puck.
11:23 of 2nd period - Icing by Emil Pettersson.
11:24 of 2nd period - Emil Pettersson wins face-off versus Miro Aaltonen in Barracuda zone.
11:41 of 2nd period - Snap shot by Emil Pettersson.
11:41 of 2nd period - Stopped by Magnus Hellberg with a rebound.
11:43 of 2nd period - Wrist shot by Emil Pettersson.
11:43 of 2nd period - Goal by Emil Pettersson - Moose : 4 - Barracuda : 2.
11:44 of 2nd period - Sam Carrick wins face-off versus Dominik Kahun in neutral zone.
11:51 of 2nd period - Wrist shot by Sam Carrick.
11:51 of 2nd period - Stopped by Magnus Hellberg with a rebound.
11:53 of 2nd period - Snap shot by Brandon Kozun.
11:53 of 2nd period - Stopped by Magnus Hellberg without a rebound.
11:54 of 2nd period - Dominik Kahun wins face-off versus Sam Carrick in Moose zone.
12:20 of 2nd period - Vladislav Gavrikov is hit by Arturs Kulda and loses puck.
12:33 of 2nd period - Snap shot by Sam Carrick.
12:33 of 2nd period - Shot Blocked by Vladislav Gavrikov.
12:43 of 2nd period - Slapshot by Sam Carrick.
12:43 of 2nd period - Shot Misses the Net.
13:08 of 2nd period - Icing by Vladislav Gavrikov.
13:09 of 2nd period - Dominik Kahun wins face-off versus Cole Ully in Moose zone.
14:22 of 2nd period - Wrist shot by Cole Ully.
14:22 of 2nd period - Shot Misses the Net.
14:59 of 2nd period - Snap shot by Nikolay Goldobin.
14:59 of 2nd period - Shot Misses the Net.
15:11 of 2nd period - Jakob Chychrun is hit by Rem Pitlick and loses puck.
15:44 of 2nd period - Frank Vatrano is hit by Cole Ully and loses puck.
15:55 of 2nd period - Matthew Benning is hit by Brandon Kozun and loses puck.
16:12 of 2nd period - Samuel Groulx is hit by Iiro Pakarinen.
16:47 of 2nd period - Wrist shot by Nathan Walker.
16:47 of 2nd period - Stopped by Kevin Lankinen with a rebound.
16:49 of 2nd period - Wrist shot by Miro Aaltonen.
16:49 of 2nd period - Shot Misses the Net.
17:38 of 2nd period - Theodor Blueger is hit by Miro Aaltonen and loses puck.
18:20 of 2nd period - Nikolay Goldobin is hit by Noah Gregor and loses puck.
19:10 of 2nd period - Ludwig Bystrom is hit by Mario Lucia and loses puck.
19:55 of 2nd period - Troy Stetcher is hit by Brandon Kozun and loses puck.
Goals for this period are 3 for Moose vs 1 for Barracuda.
Shots for this period are 12 for Moose vs 12 for Barracuda.
3rd period
0:01 of 3rd period - Dominik Kahun wins face-off versus William Carrier in neutral zone.
0:06 of 3rd period - Backhand shot by Nathan Walker.
0:06 of 3rd period - Stopped by Kevin Lankinen with a rebound.
0:16 of 3rd period - Slapshot by Dominik Kahun.
0:16 of 3rd period - Stopped by Kevin Lankinen with a rebound.
0:26 of 3rd period - Arturs Kulda is hit by Miro Aaltonen and loses puck.
0:55 of 3rd period - Snap shot by Alex Henriksson.
0:55 of 3rd period - Stopped by Magnus Hellberg with a rebound.
1:31 of 3rd period - Wrist shot by Sam Carrick.
1:31 of 3rd period - Shot Blocked by Nathan Walker.
1:33 of 3rd period - Snap shot by David Shields.
1:33 of 3rd period - Stopped by Magnus Hellberg with a rebound.
1:35 of 3rd period - Slapshot by David Shields.
1:35 of 3rd period - Shot Blocked by Dominik Kahun.
1:55 of 3rd period - Slapshot by Miro Aaltonen.
1:55 of 3rd period - Goal by Miro Aaltonen - Moose : 5 - Barracuda : 2.
1:56 of 3rd period - Dominik Kahun wins face-off versus Sam Carrick in neutral zone.
2:01 of 3rd period - Snap shot by Iiro Pakarinen.
2:01 of 3rd period - Deflect By Dominik Kahun.
2:01 of 3rd period - Stopped by Kevin Lankinen with a rebound.
2:03 of 3rd period - Wrist shot by Iiro Pakarinen.
2:03 of 3rd period - Deflect By Dominik Kahun.
2:03 of 3rd period - Goal by Dominik Kahun - Moose : 6 - Barracuda : 2.
2:04 of 3rd period - Sam Carrick wins face-off versus Miro Aaltonen in neutral zone.
2:31 of 3rd period - Iiro Pakarinen is hit by Justin Shugg and loses puck.
2:52 of 3rd period - Wrist shot by Luca Sbisa.
2:52 of 3rd period - Deflect By Alex Henriksson.
2:52 of 3rd period - Shot Misses the Net.
2:52 of 3rd period - Puck is out of play.
2:53 of 3rd period - Alex Henriksson wins face-off versus Michael McLeod in Moose zone.
2:56 of 3rd period - Snap shot by Chris Wagner.
2:56 of 3rd period - Goal by Chris Wagner - Moose : 6 - Barracuda : 3.
2:57 of 3rd period - Sam Carrick wins face-off versus Miro Aaltonen in neutral zone.
4:06 of 3rd period - Slapshot by Jakob Chychrun.
4:06 of 3rd period - Stopped by Magnus Hellberg without a rebound.
4:07 of 3rd period - Noah Gregor wins face-off versus Rem Pitlick in Moose zone.
4:31 of 3rd period - Off-side.
4:32 of 3rd period - Sam Carrick wins face-off versus Dominik Kahun in neutral zone.
4:42 of 3rd period - Minor Penalty to Iiro Pakarinen for Roughing.
4:43 of 3rd period - Nikolay Goldobin wins face-off versus Sam Carrick in Moose zone.
4:53 of 3rd period - Snap shot by William Carrier.
4:53 of 3rd period - Shot Misses the Net.
4:59 of 3rd period - Slapshot by Sam Carrick.
4:59 of 3rd period - Deflect By William Carrier.
4:59 of 3rd period - Shot Blocked by Erik Cernak.
4:59 of 3rd period - Puck is out of play.
5:00 of 3rd period - Sam Carrick wins face-off versus Nikolay Goldobin in Moose zone.
5:09 of 3rd period - Slapshot by Brandon Kozun.
5:09 of 3rd period - Shot Misses the Net.
5:11 of 3rd period - Backhand shot by Arturs Kulda.
5:11 of 3rd period - Shot Hit the Post.
6:42 of 3rd period - Penalty to Iiro Pakarinen is over, Iiro Pakarinen is back on ice.
7:01 of 3rd period - Slapshot by Chris Wagner.
7:01 of 3rd period - Shot Blocked by Erik Cernak.
7:09 of 3rd period - Oskar Lindblom is hit by Chris Wagner and loses puck.
7:42 of 3rd period - Cole Ully is hit by Matthew Benning and loses puck.
7:47 of 3rd period - Snap shot by Jeremy Bracco.
7:47 of 3rd period - Stopped by Kevin Lankinen without a rebound.
7:48 of 3rd period - Theodor Blueger wins face-off versus Michael McLeod in Barracuda zone.
7:48 of 3rd period - Theodor Blueger is hit by Matthew Benning.
8:45 of 3rd period - Slapshot by Mario Lucia.
8:45 of 3rd period - Shot Blocked by Iiro Pakarinen.
8:52 of 3rd period - Icing by Dominik Kahun.
8:53 of 3rd period - Dominik Kahun wins face-off versus Sam Carrick in Moose zone.
9:02 of 3rd period - Snap shot by Iiro Pakarinen.
9:02 of 3rd period - Deflect By Nathan Walker.
9:02 of 3rd period - Shot Blocked by Robin Norell.
9:02 of 3rd period - Puck is out of play.
9:03 of 3rd period - Sam Carrick wins face-off versus Miro Aaltonen in Barracuda zone.
9:10 of 3rd period - Wrist shot by Miro Aaltonen.
9:10 of 3rd period - Stopped by Kevin Lankinen with a rebound.
9:12 of 3rd period - Snap shot by Miro Aaltonen.
9:12 of 3rd period - Deflect By Frank Vatrano.
9:12 of 3rd period - Goal by Frank Vatrano - Moose : 7 - Barracuda : 3.
9:13 of 3rd period - Sam Carrick wins face-off versus Dominik Kahun in neutral zone.
9:29 of 3rd period - Minor Penalty to Sam Carrick for Holding.
9:30 of 3rd period - Miro Aaltonen wins face-off versus Justin Shugg in Barracuda zone.
10:09 of 3rd period - Snap shot by Luca Sbisa.
10:09 of 3rd period - Shot Misses the Net.
11:29 of 3rd period - Penalty to Sam Carrick is over, Sam Carrick is back on ice.
11:56 of 3rd period - Slapshot by Jakob Chychrun.
11:56 of 3rd period - Goal by Jakob Chychrun - Moose : 7 - Barracuda : 4.
11:57 of 3rd period - Miro Aaltonen wins face-off versus Sam Carrick in neutral zone.
12:04 of 3rd period - Snap shot by Miro Aaltonen.
12:04 of 3rd period - Shot Misses the Net.
12:06 of 3rd period - Snap shot by Miro Aaltonen.
12:06 of 3rd period - Goal by Miro Aaltonen - Moose : 8 - Barracuda : 4.
12:07 of 3rd period - Sam Carrick wins face-off versus Iiro Pakarinen in neutral zone.
12:20 of 3rd period - Wrist shot by Sam Carrick.
12:20 of 3rd period - Deflect By William Carrier.
12:20 of 3rd period - Shot Misses the Net.
12:20 of 3rd period - Puck is out of play.
12:21 of 3rd period - Miro Aaltonen wins face-off versus Emil Pettersson in Moose zone.
12:27 of 3rd period - Off-side.
12:28 of 3rd period - Emil Pettersson wins face-off versus Miro Aaltonen in neutral zone.
12:57 of 3rd period - Snap shot by Troy Stetcher.
12:57 of 3rd period - Deflect By Frank Vatrano.
12:57 of 3rd period - Shot Misses the Net.
12:57 of 3rd period - Puck is out of play.
12:58 of 3rd period - Dominik Kahun wins face-off versus Theodor Blueger in Barracuda zone.
12:59 of 3rd period - Wrist shot by Nathan Walker.
12:59 of 3rd period - Deflect By Dominik Kahun.
12:59 of 3rd period - Stopped by Kevin Lankinen without a rebound.
13:00 of 3rd period - Dominik Kahun wins face-off versus Theodor Blueger in Barracuda zone.
13:00 of 3rd period - Dominik Kahun is hit by Chris Wagner.
13:41 of 3rd period - Minor Penalty to Matthew Benning for Slashing.
13:42 of 3rd period - Sam Carrick wins face-off versus Nikolay Goldobin in Moose zone.
13:43 of 3rd period - Wrist shot by William Carrier.
13:43 of 3rd period - Deflect By Sam Carrick.
13:43 of 3rd period - Stopped by Magnus Hellberg with a rebound.
13:51 of 3rd period - Wrist shot by Brandon Kozun.
13:51 of 3rd period - Stopped by Magnus Hellberg with a rebound.
13:53 of 3rd period - Snap shot by Brandon Kozun.
13:53 of 3rd period - Shot Misses the Net.
13:55 of 3rd period - Snap shot by William Carrier.
13:55 of 3rd period - Shot Misses the Net.
13:57 of 3rd period - Snap shot by Sam Carrick.
13:57 of 3rd period - Goal by Sam Carrick - Moose : 8 - Barracuda : 5.
13:58 of 3rd period - Dominik Kahun wins face-off versus Sam Carrick in neutral zone.
14:04 of 3rd period - Icing by Brandon Kozun.
14:05 of 3rd period - Sam Carrick wins face-off versus Dominik Kahun in Barracuda zone.
14:18 of 3rd period - Icing by Troy Stetcher.
14:19 of 3rd period - Emil Pettersson wins face-off versus Dominik Kahun in Moose zone.
14:20 of 3rd period - Snap shot by Cole Ully.
14:20 of 3rd period - Shot Misses the Net.
14:31 of 3rd period - Icing by Luca Sbisa.
14:32 of 3rd period - Iiro Pakarinen wins face-off versus Emil Pettersson in Barracuda zone.
14:33 of 3rd period - Snap shot by Dominik Kahun.
14:33 of 3rd period - Stopped by Kevin Lankinen without a rebound.
14:34 of 3rd period - Dominik Kahun wins face-off versus Sam Carrick in Barracuda zone.
14:35 of 3rd period - Snap shot by Iiro Pakarinen.
14:35 of 3rd period - Shot Misses the Net.
15:06 of 3rd period - Slapshot by Troy Stetcher.
15:06 of 3rd period - Deflect By Cole Ully.
15:06 of 3rd period - Stopped by Kevin Lankinen with a rebound.
15:22 of 3rd period - Minor Penalty to Frank Vatrano for Roughing.
15:23 of 3rd period - Sam Carrick wins face-off versus Nikolay Goldobin in Moose zone.
15:26 of 3rd period - Wrist shot by Brandon Kozun.
15:26 of 3rd period - Shot Misses the Net.
15:28 of 3rd period - Slapshot by Samuel Groulx.
15:28 of 3rd period - Goal by Samuel Groulx - Moose : 8 - Barracuda : 6.
15:29 of 3rd period - Michael McLeod wins face-off versus Sam Carrick in neutral zone.
15:37 of 3rd period - Minor Penalty to Pierre-Luc Dubois for Cross-checking.
15:38 of 3rd period - Sam Carrick wins face-off versus Nikolay Goldobin in Moose zone.
15:38 of 3rd period - Backhand shot by Brandon Kozun.
15:38 of 3rd period - Stopped by Magnus Hellberg with a rebound.
15:40 of 3rd period - Snap shot by William Carrier.
15:40 of 3rd period - Deflect By Brandon Kozun.
15:40 of 3rd period - Goal by Brandon Kozun - Moose : 8 - Barracuda : 7.
15:41 of 3rd period - Sam Carrick wins face-off versus Michael McLeod in neutral zone.
15:44 of 3rd period - Slapshot by Sam Carrick.
15:44 of 3rd period - Shot Misses the Net.
15:52 of 3rd period - Troy Stetcher is hit by William Carrier and loses puck.
16:07 of 3rd period - Theodor Blueger is hit by Rem Pitlick and loses puck.
16:56 of 3rd period - Drew O'Connor is hit by Frank Vatrano and loses puck.
17:27 of 3rd period - David Shields is hit by Rem Pitlick and loses puck.
17:46 of 3rd period - Matthew Benning is hit by Justin Shugg and loses puck.
17:53 of 3rd period - Slapshot by Emil Pettersson.
17:53 of 3rd period - Shot Misses the Net.
18:10 of 3rd period - Nathan Walker is hit by Justin Shugg and loses puck.
18:17 of 3rd period - Snap shot by Cole Ully.
18:17 of 3rd period - Shot Misses the Net.
18:19 of 3rd period - Slapshot by Arturs Kulda.
18:19 of 3rd period - Goal by Arturs Kulda - Moose : 8 - Barracuda : 8.
18:20 of 3rd period - Michael McLeod wins face-off versus Chris Wagner in neutral zone.
18:23 of 3rd period - Slapshot by Pierre-Luc Dubois.
18:23 of 3rd period - Stopped by Kevin Lankinen with a rebound.
18:32 of 3rd period - Off-side.
18:33 of 3rd period - Theodor Blueger wins face-off versus Michael McLeod in neutral zone.
19:08 of 3rd period - Minor Penalty to Oskar Lindblom for Slashing.
19:09 of 3rd period - Sam Carrick wins face-off versus Nikolay Goldobin in Moose zone.
19:11 of 3rd period - Wrist shot by Brandon Kozun.
19:11 of 3rd period - Shot Hit the Post.
19:13 of 3rd period - Slapshot by William Carrier.
19:13 of 3rd period - Deflect By Brandon Kozun.
19:13 of 3rd period - Stopped by Magnus Hellberg without a rebound.
19:14 of 3rd period - Sam Carrick wins face-off versus Nikolay Goldobin in Moose zone.
19:17 of 3rd period - Wrist shot by Sam Carrick.
19:17 of 3rd period - Shot Blocked by Erik Cernak.
19:39 of 3rd period - Snap shot by Cole Ully.
19:39 of 3rd period - Stopped by Magnus Hellberg with a rebound.
Goals for this period are 4 for Moose vs 6 for Barracuda.
Shots for this period are 13 for Moose vs 14 for Barracuda.
Overtime #1
0:01 of 1st overtime period - Sam Carrick wins face-off versus Frank Vatrano in neutral zone.
0:10 of 1st overtime period - Slapshot by William Carrier.
0:10 of 1st overtime period - Shot Blocked by Frank Vatrano.
1:08 of 1st overtime period - Penalty to Oskar Lindblom is over, Oskar Lindblom is back on ice.
1:28 of 1st overtime period - Matthew Benning is hit by Chris Wagner and loses puck.
1:45 of 1st overtime period - Dominik Kahun is hit by David Shields and loses puck.
2:03 of 1st overtime period - Luca Sbisa is hit by Ludwig Bystrom and loses puck.
2:41 of 1st overtime period - Vladislav Gavrikov is hit by David Shields and loses puck.
3:08 of 1st overtime period - Slapshot by Jakob Chychrun.
3:08 of 1st overtime period - Shot Misses the Net.
4:51 of 1st overtime period - Slapshot by Jakob Chychrun.
4:51 of 1st overtime period - Shot Misses the Net.
Goals for this period are 0 for Moose vs 0 for Barracuda.
Shots for this period are 0 for Moose vs 0 for Barracuda.
ShootOut
5:00 of 1st overtime period - Round #1.
5:00 of 1st overtime period - Moose, Nikolay Goldobin.
5:00 of 1st overtime period - Snap shot by Nikolay Goldobin.
5:00 of 1st overtime period - Stopped by Kevin Lankinen.
5:00 of 1st overtime period - Barracuda, Sam Carrick.
5:00 of 1st overtime period - Backhand shot by Sam Carrick.
5:00 of 1st overtime period - Stopped by Magnus Hellberg.
5:00 of 1st overtime period - Round #2.
5:00 of 1st overtime period - Moose, Miro Aaltonen.
5:00 of 1st overtime period - Deke by Miro Aaltonen.
5:00 of 1st overtime period - Shot Misses the Net.
5:00 of 1st overtime period - Barracuda, Brandon Kozun.
5:00 of 1st overtime period - Deke by Brandon Kozun.
5:00 of 1st overtime period - Goal by Brandon Kozun.
5:00 of 1st overtime period - Round #3.
5:00 of 1st overtime period - Moose, Michael McLeod.
5:00 of 1st overtime period - Snap shot by Michael McLeod.
5:00 of 1st overtime period - Shot Misses the Net.
Output by the SimonT Hockey Simulator (STHS) for Francois Prevost